 Dungeon Crawl Stone Soup version 0.31-a0-507-gbafd7f5274 (webtiles) character file.

Game seed: 12141489576843528775

555 jlumianski the Magician (level 7, -13/50 HPs)
             Began as a Djinni Fire Elementalist on Aug 9, 2023.
             Mangled by an orc warrior
             ... wielding a +0 dire flail
              (15 damage)
             ... on level 4 of the Dungeon.
             The game lasted 00:22:53 (4501 turns).

jlumianski the Magician (Djinni Fire Elementalist)  Turns: 4501, Time: 00:22:53

Health: -13/50     AC:  7    Str:  7    XL:     7   Next: 56%
Gold:   78         EV: 13    Int: 19    God:
                   SH:  5    Dex: 13

rFire   + + .        j - +0 long sword (spect)
rCold   x . .        (no shield)
rNeg    . . .        a - +0 robe
rPois   ∞            x - +0 hat
rElec   .            (no cloak)
rCorr   .            z - +0 pair of gloves
SInv    .            (boots unavailable)
Will    .....        B - amulet of reflection
Stlth   ++           y - +4 ring of protection
HPRegen 0.28/turn    r - ring of wizardry
MPRegen 0.00/turn

%: reflection, wizardry (x1), infuse magic (-14 HP)
@: flying
A: sickness immunity, fire resistance 2, cold vulnerability 1, float, innate
caster, HP casting, extra vitality 1
a: no special abilities


You were on level 4 of the Dungeon.
You visited 1 branch of the dungeon, and saw 5 of its levels.

You collected 216 gold pieces.
You spent 138 gold pieces at shops.

Inventory:

Hand Weapons
 j - a +0 spectral long sword (weapon)
 u - the +0 battleaxe of Mandamus {drain, rF+ rC+ SInv}
   (You found it on level 5 of the Dungeon)

   rF+:       It protects you from fire.
   rC+:       It protects you from cold.
   SInv:      It lets you see invisible.
Missiles
 e - 16 boomerangs
 h - 3 atropa-tipped darts
 i - 20 poisoned darts
 o - 3 javelins
Armour
 a - a +0 robe (worn)
 n - a +3 ring mail
 p - a +0 leather armour
 x - a +0 hat (worn)
 z - a +0 pair of gloves (worn)
Jewellery
 m - a +6 ring of strength
 r - a ring of wizardry (right hand)
 y - a +4 ring of protection (left hand)
 B - an amulet of reflection (around neck)
Talismans
 q - a talisman of death
 t - a flux talisman
Wands
 d - a wand of flame (18)
 s - a wand of polymorph (11)
 A - a wand of light (9)
Scrolls
 b - 2 scrolls of poison {unknown}
 c - 2 scrolls of amnesia
 f - a scroll of noise
 l - a scroll of enchant weapon
Potions
 g - a potion of heal wounds
 k - a potion of lignification


   Skills:
 * Level 3.5 Fighting
 + Level 2.4 Long Blades
 + Level 3.8 Dodging
 + Level 3.2 Stealth
 * Level 4.0 Spellcasting
 * Level 4.0 Conjurations
 * Level 4.0 Hexes
 * Level 4.0 Summonings
 * Level 4.0 Necromancy
 * Level 4.0 Translocations
 * Level 4.0 Transmutations
 * Level 4.0 Fire Magic
 * Level 4.0 Ice Magic
 * Level 4.0 Air Magic
 * Level 4.0 Earth Magic
 * Level 4.0 Poison Magic


You knew the following spells:

 Your Spells              Type           Power      Damage    Failure   Level
a - Foxfire               Conj/Fire      76%        2x1d7     1%          1
b - Scorch                Fire           38%        2d6       1%          2
c - Volatile Blastmotes   Fire/Tloc      38%        2d13      3%          3
d - Inner Flame           Hex/Fire       19%        N/A       3%          3
e - Flame Wave            Conj/Fire      19%        2d7       11%         4
f - Shock                 Conj/Air       76%        1d7       1%          1
g - Call Imp              Summ           38%        N/A       1%          2
h - Passwall              Tmut/Erth      15%        N/A       1%          2
Your spell library was empty.

Dungeon Overview and Level Annotations

Branches:
Dungeon (5/15)
 Temple: D:4-7

Altars:
Ashenzari
Hepliaklqana
Nemelex Xobeh

Shops:
D:1 *   D:5 ?


Innate Abilities, Weirdness & Mutations

You are immune to sickness and miasma.
You are immune to poison.
Your flesh is very heat resistant. (rF++)
You are vulnerable to cold. (rC-)
You float through the air rather than walking.
You learn spells naturally, not from books.
Your magical power is your life essence.
You have superior vitality. (+4 MHP)


Message History

The orc warrior is lightly wounded.
The orc warrior's fire resistance burns away.
The orc warrior hits you with a +0 dire flail!
Casting: Scorch (safe; 1% risk of failure)
Confirm with . or Enter, or press ? or * to list all spells.
Flames lash the lemure.
The lemure is moderately wounded.
The lemure's fire resistance burns away.
The orc warrior hits you with a +0 dire flail!
The cloud of blastmotes explodes!
The concussive blast engulfs the orc warrior but does no damage.
The orc warrior is lightly wounded.
The concussive blast engulfs you. You resist.
You are knocked back by the blast.
You hear a shout!
The orc warrior is no longer more vulnerable to fire.
The orc warrior closely misses you.
There is a stone staircase leading up here.
The lemure is no longer more vulnerable to fire.
The orc warrior hits you with a +0 dire flail!
* * * LOW HITPOINT WARNING * * *
You fly upwards.
There is a stone staircase leading down here.
Things that are here:
a +0 chain mail; a +0 dagger The orc warrior attacks as you move away!
The orc warrior hits you with a +0 dire flail.
* * * LOW HITPOINT WARNING * * *
Okay, then.
Casting: Scorch (safe; 1% risk of failure)
Confirm with . or Enter, or press ? or * to list all spells.
Okay, then.
Casting: Scorch (safe; 1% risk of failure)
Confirm with . or Enter, or press ? or * to list all spells.
A tiny devil pulls itself out of the air.
* * * LOW HITPOINT WARNING * * *
You block the orc warrior's attack.
The orc warrior attacks as you move away!
The orc warrior hits you with a +0 dire flail!
You die...

#..###.##...##
# #..#
#.##..## ###
#..###.....#
#..
#..##§.....#
#..
#..##.######
#.. #.....####
#.. #5>......#
#.. #o######.#
#.. #@# #.#
#.. #.# #.###
#.. #.# #...##
### #.#
###..### #.#
##...# #.#
###.# #.#
#####.#### #.#
#........# #.#
#........#


You could see an orc warrior (ally target) and a friendly cerulean imp
(summoned).

Vanquished Creatures
  Sigmund (D:4)
  A scorpion (D:4)
  An orc priest (D:5)
  A jelly (D:4)
  An iguana (D:4)
  A sleepcap (D:4)
  Ijyb (D:3)
  8 gnolls
  4 adders
  2 worms (D:2)
  A dart slug (D:2)
  3 orcs
  3 ball pythons
  A bat (D:3)
  7 endoplasms
  8 giant cockroaches
  9 goblins
  6 hobgoblins
  4 kobolds
  4 quokkas
  4 frilled lizards
  8 rats
79 creatures vanquished.

Vanquished Creatures (collateral kills)
  An orc (D:3)
  A kobold (D:3)
  A rat (D:3)
3 creatures vanquished.

Vanquished Creatures (others)
  158 foxfires
158 creatures vanquished.

Grand Total: 240 creatures vanquished

Notes
Turn   | Place    | Note
-------+----------+-------------------------------------------
     0 | D:1      | jlumianski the Djinni Fire Elementalist began the quest for
                  | the Orb.
     0 | D:1      | jlumianski set off with the following spells memorised:
                  | Foxfire, Scorch, Volatile Blastmotes, Inner Flame, Flame
                  | Wave.
     0 | D:1      | Reached XP level 1. HP: 15/15 MP: 0/0
    38 | D:1      | Found Gompookh's Assorted Antiques.
   136 | D:1      | Reached XP level 2. HP: 20/21 MP: 0/0
   606 | D:1      | Reached XP level 3. HP: 25/25 MP: 0/0
   606 | D:1      | Learned a level 1 spell: Shock
  1028 | D:2      | Reached skill level 1 in Fighting
  1028 | D:2      | Reached XP level 4. HP: 21/32 MP: 0/0
  1118 | D:3      | Found a broken altar of Ashenzari.
  1277 | D:2      | Found a hazy altar of Hepliaklqana.
  1754 | D:2      | Reached XP level 5. HP: 36/37 MP: 0/0
  1754 | D:2      | Learned a level 2 spell: Call Imp
  1976 | D:4      | Reached skill level 1 in Long Blades
  2032 | D:3      | Reached XP level 6. HP: 21/43 MP: 0/0
  2591 | D:3      | Found a hazy altar of Hepliaklqana.
  2979 | D:3      | Noticed Ijyb
  2988 | D:3      | Killed Ijyb
  3321 | D:5      | Entered Level 5 of the Dungeon
  3517 | D:5      | Identified the +0 battleaxe of Mandamus {drain, rF+ rC+
                  | SInv}
  3520 | D:5      | Noticed an orc warrior
  3525 | D:5      | Reached XP level 7. HP: 41/50 MP: 0/0
  3525 | D:5      | Learned a level 2 spell: Passwall
  3682 | D:4      | Noticed Sigmund
  3689 | D:4      | Killed Sigmund
  3905 | D:4      | Found a sparkling altar of Nemelex Xobeh.
  3947 | D:5      | Found Wihak's Magic Scroll Emporium.
  3951 | D:5      | Bought a scroll of brand weapon for 114 gold pieces
  3951 | D:5      | Bought a scroll of identify for 24 gold pieces
  4501 | D:4      | Mangled by an orc warrior

Illustrated notes

Levels and vault maps discovered:
D:1:      scummos_arrival_simple_fountains, layout_loops_cross, serial_shops,
          shop, palyth_stone_intersect, skrybe_limestone_x
D:2:      layout_basic, basic_altar
D:3:      layout_basic, mainiacjoe_overflow_cross_hatched,
          mainiacjoe_overflow_surrounded_room, kennysheep_big_empty_room,
          st_stairs_14, serial_park_tiny_pond, kennysheep_generic_room_4,
          uniq_ijyb
D:4:      layout_basic, nemelex_xobeh_ov_fountains_minmay,
          eino_small_chamber_without_monster, bh_walls_and_bars, uniq_sigmund
D:5:      layout_rooms, minmay_temple_entry_drinking_statues, serial_shops,
          shop, uniq_grinder, uniq_pikel

Skill      XL: |  1  2  3  4  5  6  7 |
---------------+----------------------+-----
Spellcasting   | 4 |  4.0
Conjurations   | 4 |  4.0
Hexes          | 4 |  4.0
Summonings     | 4 |  4.0
Necromancy     | 4 |  4.0
Translocations | 4 |  4.0
Transmutations | 4 |  4.0
Fire Magic     | 4 |  4.0
Ice Magic      | 4 |  4.0
Air Magic      | 4 |  4.0
Earth Magic    | 4 |  4.0
Poison Magic   | 4 |  4.0
Stealth        | 2 3 |  3.2
Dodging        | 3 |  3.8
Fighting       | 1 2 3 |  3.5
Long Blades    | 1 2 |  2.4

Action                     |  1- 3 |  4- 6 |  7- 9 || total
---------------------------+-------+-------+-------++-------
  Melee: Unarmed           |     1 |       |       ||     1
         Long sword        |    10 |    62 |     2 ||    74
         Punch             |       |     2 |       ||     2
   Cast: Foxfire           |    24 |    55 |     5 ||    84
         Scorch            |       |     8 |     8 ||    16
         Call Imp          |       |     7 |     3 ||    10
         Shock             |       |     2 |       ||     2
         Volatile Blastmot |       |     2 |     5 ||     7
    Use: Scroll            |       |     4 |     4 ||     8
         Potion            |       |       |     2 ||     2
   Stab: Sleeping          |     2 |     6 |     1 ||     9
 Armour: Robe              |     4 |    16 |     1 ||    21
         Skin              |       |     6 |       ||     6
  Dodge: Dodged            |    14 |    70 |     9 ||    93
  Block: Other             |       |       |     3 ||     3
         Reflection        |       |       |     2 ||     2

Table legend: (Time is in decaauts)
 A = Elapsed time spent in this place.
 B = Non-inter-level travel time spent in this place.
 C = Inter-level travel time spent in this place.
 D = Time resting spent in this place.
 E = Time spent auto-exploring this place.
 F = Levels seen in this place.
 G = Mean time per level.
                   A        B        C        D        E       F      G
               +--------+--------+--------+--------+--------+-----+--------+
         Total |   4535 |   4452 |     83 |    481 |   2709 |   5 |  907.0 |
       Dungeon |   4535 |   4452 |     83 |    481 |   2709 |   5 |  907.0 |
               +--------+--------+--------+--------+--------+-----+--------+

Top non-repeatable levels by time:
     D:3: 1175 daAuts
     D:2: 1103 daAuts
     D:4: 1078 daAuts
     D:1: 985 daAuts
     D:5: 193 daAuts
